 Dungeon Crawl Stone Soup version 0.25-a0-589-g1e14c549ee (webtiles) character file.

Game seed: 8145483124959357128, levelgen mode: deterministic

45 Forecaster the Magician (level 3, -6/28 HPs)
             Began as a Naga Wizard on Mar 9, 2020.
             Mangled by a worm (9 damage)
             ... on level 2 of the Dungeon.
             The game lasted 00:07:05 (1113 turns).

Forecaster the Magician (Naga Wizard)               Turns: 1113, Time: 00:07:06

Health: -6/28      AC:  2    Str: 10    XL:     3   Next: 64%
Magic:  1/8        EV: 10    Int: 18    God:
Gold:   79         SH:  0    Dex:  9    Spells: 4/9 levels left

rFire    . . .     SeeInvis +   l - +2 short sword (holy)
rCold    . . .     Gourm    +   (no shield)
rNeg     . . .     Faith    .   q - +0 robe
rPois    +         Spirit   .   b - +0 hat
rElec    .         Reflect  .   (no cloak)
rCorr    .         Harm     .   (no gloves)
MR       .....     Rnd*Tele +   (no barding)
Stlth    ++........             r - amulet of the gourmand
HPRegen  0.09/turn              f - ring of see invisible
MPRegen  0.11/turn              m - ring of teleportation (curse)

@: very slightly contaminated, very slow
A: large, see invisible, deformed body, poison resistance, slowness 2, slow
metabolism 1, spit poison 1, AC +1
a: Spit Poison


You were on level 2 of the Dungeon.
You were not hungry.

You visited 1 branch of the dungeon, and saw 2 of its levels.

You collected 79 gold pieces.

Inventory:

Hand Weapons
 c - a +0 whip
 i - a +0 dagger
 l - a +2 short sword of holy wrath (weapon)
Missiles
 e - 75 stones (quivered)
 p - 16 sling bullets
Armour
 a - a +0 robe
 b - a +0 hat (worn)
 q - a +0 robe (worn)
Jewellery
 f - a ring of see invisible (left hand)
 m - a cursed ring of teleportation (right hand)
 r - an amulet of the gourmand (around neck)
Scrolls
 h - a scroll of identify
 o - a scroll of enchant armour
Potions
 g - a potion of curing {unknown}
 j - a potion of berserk rage {unknown}
 k - a potion of stabbing {unknown}
 n - a potion of flight {unknown}
 s - a potion of heal wounds {unknown}
Comestibles
 d - 3 rations


   Skills:
 + Level 0.2 Fighting
 + Level 1.9 Dodging
 + Level 3.2 Stealth
 + Level 3.9 Spellcasting
 + Level 1.2 Conjurations
 + Level 1.1 Summonings
 + Level 1.0 Translocations


You had 4 spell levels left.
You knew the following spells:

 Your Spells              Type           Power        Failure   Level  Hunger
a - Magic Dart            Conj           #...         9%          1    None
b - Call Imp              Summ           #.......     14%         2    ##.....
c - Blink                 Tloc           N/A          14%         2    ##.....

Your spell library contained the following spells:

 Spells                   Type           Power        Failure   Level  Hunger
 Slow                     Hex            #.......     22%         2    ##.....
 Conjure Flame            Conj/Fire      #.......     34%         3    ###....
 Mephitic Cloud           Conj/Pois/Air  #.......     36%         3    ###....


Dungeon Overview and Level Annotations

Branches:
Dungeon (2/15)

Altars:
Nemelex Xobeh


Innate Abilities, Weirdness & Mutations

You cannot wear boots.
Your serpentine skin is tough. (AC +1)
You have supernaturally acute eyesight. (SInv)
Armour fits poorly on your strangely shaped body.
Your system is resistant to poisons. (rPois)
You cover ground very slowly.
You have a slow metabolism.
You can spit poison.


Message History

You now have 79 gold pieces (gained 3).
Something bites your white imp but does no damage.
Your white imp hits the jackal.
Your white imp freezes the jackal.
The jackal bites your white imp.
The jackal bites your white imp but does no damage.
Your white imp barely misses the jackal.
The jackal misses your white imp.
Your white imp hits the jackal.
The jackal dies!
The worm closely misses your white imp.
Your white imp disappears in a puff of smoke!
Casting: Call Imp (safe; 14% risk of failure)
Confirm with . or Enter, or press ? or * to list all spells.
You miscast Call Imp.
You are very lightly contaminated with residual magic.
Distant voices call out to you!
Casting: Call Imp (safe; 14% risk of failure)
Confirm with . or Enter, or press ? or * to list all spells.
A beastly little devil appears in a puff of flame.
The worm bites you!
You die...

####.###.###.### #..#
#.###h### # #..#
#.#.....# # ....
#.#.....# # ##..#
##.#.w...# # ....
<..h.....+ # ..
#5.####.#.....# #
...###........(...######
.......@####.##.........
.......w####.###........
......§.§.hw.# ##.###.##
........####.#....# #.##
........# #.####+###+##
........# #.# .....#
........# #.# .....#
...###?.# ..# ..... ...
.... .># #.#(


You could see a worm and a friendly crimson imp.

Vanquished Creatures
  A worm (D:2)
  2 dart slugs (D:1)
  3 leopard geckos (D:1)
  A giant cockroach (D:2)
  A goblin (D:1)
  2 hobgoblins
  A jackal (D:2)
  4 kobolds
  A ball python (D:1)
  3 bats
  A frilled lizard (D:2)
  7 rats
27 creatures vanquished.

Vanquished Creatures (collateral kills)
  2 dart slugs (D:1)
  6 jackals
8 creatures vanquished.

Grand Total: 35 creatures vanquished

Notes
Turn   | Place    | Note
-------+----------+-------------------------------------------
     0 | D:1      | Forecaster the Naga Wizard began the quest for the Orb.
     0 | D:1      | Reached XP level 1. HP: 15/15 MP: 4/4
    89 | D:1      | Reached XP level 2. HP: 22/22 MP: 1/6
    93 | D:1      | Learned a level 2 spell: Call Imp
    96 | D:1      | Learned a level 2 spell: Blink
   676 | D:1      | Reached XP level 3. HP: 26/28 MP: 8/8
   918 | D:2      | Found a sparkling altar of Nemelex Xobeh.
  1113 | D:2      | Mangled by a worm

Levels and vault maps discovered:
D:1:      dpeg_arrival_court, layout_basic
D:2:      layout_basic, serial_bayou_lagoon_a, nemelex_xobeh_ov_fountains_minmay

Action                   || total
-------------------------++-------
Melee: Unarmed           ||     4
       Short sword       ||    38
       Whip              ||     5
 Cast: Magic Dart        ||    46
       Call Imp          ||     6
       Blink             ||     3
  Use: Scroll            ||     1
 Stab: Sleeping          ||     2
  Eat: Chunk             ||     5
Armor: Robe              ||     7
Dodge: Dodged            ||    32

Table legend:
 A = Non-vault XP
 B = Vault XP
 C = Vault XP percentage of total XP
 D = Non-vault monster count
 E = Vault monster count
 F = Vault count percentage of total count
                 A         B        C        D         E       F
            +---------+---------+-------+---------+---------+-------
      Total |      65 |       0 |   0.0 |      35 |       0 |   0.0
            +---------+---------+-------+---------+---------+-------
        D:1 |      42 |       0 |   0.0 |      20 |       0 |   0.0
        D:2 |      23 |       0 |   0.0 |      15 |       0 |   0.0
            +---------+---------+-------+---------+---------+-------
